 Dungeon Crawl Stone Soup version 0.29.1-12-g30fa7ad0bf (webtiles) character file.

Game seed: 1267872056993657639

714664 DildoBatman the Petrodigitator (level 27, -2/226 HPs)
             Began as a Formicid Conjurer on Dec 14, 2022.
             Was an Initiate of Gozag.
             Killed from afar by a titan (50 damage)
             ... with a bolt of lightning
             ... on level 27 of a ziggurat.
             The game lasted 03:52:43 (52802 turns).

DildoBatman the Petrodigitator (Formicid Conjurer) Turns: 52802, Time: 03:52:44

Health: -2/226     AC: 48    Str: 21    XL:     27
Magic:  3/52       EV: 23    Int: 33    God:    Gozag
Gold:   27807      SH: 29    Dex: 15    Spells: 10/59 levels left

rFire   + + .      SeeInvis +   b - +10 scimitar of Blind Justice {vamp, MP+9 Str+2}
rCold   + . .      Faith    .   y - +8 tower shield {AC+3}
rNeg    + + +      Spirit   .   o - +4 troll leather armour "Xepsaog" {*Slow rN+++ Regen+ Str+4}
rPois   ∞          Reflect  .   (helmet unavailable)
rElec   .          Harm     .   V - +2 cloak of Yredelemnul's Approval {rF+ Will+ Dex+3}
rCorr   .          Rampage  ∞   F - +2 pair of gloves
Will    ++++.                   U - +3 pair of seven-league boots {Rampage+∞}
Stlth   ++........              r - amulet of Vitality {RegenMP++ Regen++}
HPRegen 2.87/turn               i - ring of the Tortoise {AC+8}
MPRegen 1.13/turn               Z - ring "Tomez" {rF+ EV+4 Int+4}

@: ice-armoured, lich-form, on vortex cooldown, corroded, gold aura, slightly
contaminated, studying 4 skills
A: draining attack, torment immunity, no potions, permanent stasis, dig shafts
and tunnels, antennae 3, four strong arms, iridescent scales 1, sense
surroundings 1, robust 1
}: 3/15 runes: decaying, serpentine, golden
a: Dig, Shaft Self, End Transformation, Renounce Religion, Potion Petition, Call
Merchant, Bribe Branch


You were on level 27 of a ziggurat.
You worshipped Gozag.
Gozag was extremely pleased with you.
You were an undead lich.
You visited 10 branches of the dungeon, and saw 45 of its levels.
You visited 1 ziggurat, and saw 27 of its levels.
You also visited: Bailey.

You collected 33685 gold pieces.
You spent 2279 gold pieces at shops.
You paid 3599 gold pieces to Gozag.

Inventory:

Hand Weapons
 a - the +6 falchion of Gloom {venom, rElec Int+3 Dex+2 Stlth+}
   (You found it on level 5 of the Vaults)

   It poisons the flesh of those it strikes.
   Int:       It affects your intelligence (+3).
   Dex:       It affects your dexterity (+2).
   rElec:     It insulates you from electricity.
   Stlth:     It makes you more stealthy.
 b - the +10 scimitar of Blind Justice (weapon) {vamp, MP+9 Str+2}
   (You found it on level 1 of the Orcish Mines)

   It occasionally heals its wielder for a portion of the damage dealt when it
   wounds a living foe.
   Str:       It affects your strength (+2).
   MP:        It affects your magic capacity (+9).
 f - the +5 sword of Power {vorpal}
   (You found it on level 5 of a ziggurat)

   It inflicts extra damage upon your enemies.
   It occasionally discharges a powerful but inaccurate bolt of energy upon
   striking a foe, with increased chance the greater the wielder's current
   health.
 v - the +10 morningstar of Checks and Balances {vamp, rF+ rCorr Dex+4}
   (You found it on level 26 of a ziggurat)

   It occasionally heals its wielder for a portion of the damage dealt when it
   wounds a living foe.
   Dex:       It affects your dexterity (+4).
   rF:        It protects you from fire.
   rCorr:     It protects you from acid and corrosion.
 x - the +9 staff of Olgreb {rPois∞}
   (You found it on level 21 of a ziggurat)

   If the wielder is skilled in Evocations, they can envenom those struck by it,
   dealing poison damage which bypasses armour.
   It enhances your poison magic.
   It grants immunity to poison.
   It can be activated via the 'a'bility menu to radiate toxic energy, with
   effectiveness depending on Evocations skill.
 I - the +8 trishula "Condemnation" {holy, anguish, *Noise Fly rN+}
   (You found it on level 6 of a ziggurat)

   It has been blessed by the Shining One to cause great damage to the undead
   and demons.
   It inflicts anguish, making its victims' attacks reflect back on them.
   rN:        It protects you from negative energy.
   Fly:       It grants you flight.
   *Noise:    It may make noises in combat.
 T - the +14 obsidian axe {vorpal, Mesm Drain Fly SInv}
   (You found it on level 7 of a ziggurat)

   It inflicts extra damage upon your enemies.
   It occasionally summons demons to assist the wielder when it strikes in
   combat.
   Its wielder is mesmerised by any visible foes.
   It cannot be unequipped while any foes are visible.
   SInv:      It lets you see invisible.
   Fly:       It grants you flight.
   Drain:     It drains your maximum health when unequipped.
 X - the +3 greatsling "Punk" {acid, rCorr}
   (You found it on level 14 of a ziggurat)

   Any ammunition fired from it is coated in acid, damaging and corroding those
   it strikes.
   rCorr:     It protects you from acid and corrosion.
Missiles
 u - 8 throwing nets
 Y - 3 silver javelins
Armour
 k - the +5 robe of Misfortune {Harm *Corrode *Slow EV+5}
   (You found it on level 25 of a ziggurat)

   EV:        It affects your evasion (+5).
   *Corrode:  It may corrode you when you take damage.
   *Slow:     It may slow you when you take damage.
   Harm:      It increases damage dealt and taken.
 o - the +4 troll leather armour "Xepsaog" (worn) {*Slow rN+++ Regen+ Str+4}
   (You found it on level 17 of a ziggurat)

   Str:       It affects your strength (+4).
   rN:        It renders you almost immune to negative energy.
   Regen:     It increases your rate of health regeneration.
   *Slow:     It may slow you when you take damage.
 y - a +8 tower shield of protection (worn)
 F - a +2 pair of gloves (worn)
 U - the +3 pair of seven-league boots (worn) {Rampage+∞}
   (You found it on level 21 of a ziggurat)

   Its wearer moves as far as possible in that direction when moving towards
   enemies.
 V - the +2 cloak of Yredelemnul's Approval (worn) {rF+ Will+ Dex+3}
   (You found it on level 4 of the Snake Pit)

   Dex:       It affects your dexterity (+3).
   rF:        It protects you from fire.
   Will:      It increases your willpower.
Jewellery
 e - the amulet "Unkea" {Reflect rCorr Dex+9 SH+5}
   (You found it on level 19 of a ziggurat)

   [amulet of reflection]

   It reflects blocked missile attacks.
   Dex:       It affects your dexterity (+9).
   rCorr:     It protects you from acid and corrosion.
   SH:        It affects your SH (+5).
 g - the amulet of Awymylun {Reflect -Tele rElec rCorr Str+4 Int+3 SH+5}
   (You found it on level 5 of the Dungeon)

   [amulet of reflection]

   It reflects blocked missile attacks.
   Str:       It affects your strength (+4).
   Int:       It affects your intelligence (+3).
   rElec:     It insulates you from electricity.
   -Tele:     It prevents most forms of teleportation.
   rCorr:     It protects you from acid and corrosion.
   SH:        It affects your SH (+5).
 i - the ring of the Tortoise (left hand) {AC+8}
   (You found it on level 3 of the Elven Halls)

   [ring of protection]

   AC:        It affects your AC (+8).
 r - the amulet of Vitality (around neck) {RegenMP++ Regen++}
   (You bought it in a shop on level 2 of the Orcish Mines)

   [amulet of magic regeneration]

   It increases your rate of magic regeneration.
   Regen:     It increases your rate of health regeneration.
 w - the amulet of the Air {Inacc Air Fly rElec RMsl}
   (You found it on level 25 of a ziggurat)

   [amulet of nothing]

   It reduces the accuracy of all your attacks.
   It enhances your air magic.
   rElec:     It insulates you from electricity.
   Fly:       It grants you flight.
   RMsl:      It protects you from missiles.
 K - the dreamshard necklace {*Dream Drain}
   (You found it on level 5 of the Lair of Beasts)

   [amulet of nothing]

   It shatters if its wearer takes lethal or near-lethal damage, preventing the
   blow and releasing protective dreams that heal and fight for the wearer.
   Drain:     It drains your maximum health when unequipped.
 L - the ring of Kiupyantu {rPois rN+ rCorr AC+4 SInv}
   (You found it on level 7 of a ziggurat)

   [ring of protection]

   AC:        It affects your AC (+4).
   rPois:     It protects you from poison.
   rN:        It protects you from negative energy.
   SInv:      It lets you see invisible.
   rCorr:     It protects you from acid and corrosion.
 Z - the ring "Tomez" (right hand) {rF+ EV+4 Int+4}
   (You found it on level 11 of the Dungeon)

   [ring of evasion]

   EV:        It affects your evasion (+4).
   Int:       It affects your intelligence (+4).
   rF:        It protects you from fire.
Wands
 A - a wand of acid (10)
 P - a wand of iceblast (39)
Scrolls
 j - 5 scrolls of amnesia
 s - 8 scrolls of poison
 t - 4 scrolls of torment
 z - 27 scrolls of identify
 C - 14 scrolls of magic mapping
 H - 9 scrolls of enchant armour
 J - 17 scrolls of immolation
 M - 2 scrolls of fear
 W - 11 scrolls of butterflies
Potions
 c - 18 potions of mutation
 h - 13 potions of heal wounds
 m - 13 potions of might
 n - 3 potions of ambrosia
 p - 21 potions of curing
 q - 14 potions of magic
 B - 9 potions of resistance
 N - 8 potions of brilliance
 R - 10 potions of invisibility
Miscellaneous
 l - a phantom mirror
 D - a lightning rod (4/4)
 E - a phial of floods
 O - a box of beasts
 S - a condenser vane


   Skills:
 * Level 14.8 Fighting
 - Level 26.0 Armour
 * Level 16.6 Dodging
 - Level 2.4 Stealth
 * Level 18.9 Shields
 * Level 16.9 Spellcasting
 - Level 5.0 Conjurations
 - Level 22.0 Necromancy
 - Level 22.0 Transmutations
 O Level 27 Ice Magic
 O Level 27 Earth Magic


You had 10 spell levels left.
You knew the following spells:

 Your Spells              Type           Power      Damage    Failure   Level
a - Borgnjor's Vile Clut  Necr/Erth      68%        N/A       0%          5
b - Shatter               Erth           58%        3d44*     4%          9
c - Polar Vortex          Ice            58%        N/A       4%          9
d - Necromutation         Tmut/Necr      65%        N/A       2%          8
e - Iron Shot             Conj/Erth      46%        9d9       1%          6
f - Vampiric Draining     Necr           100%       2d13      0%          3
g - Ozocubu's Armour      Ice            100%       N/A       0%          3
h - Dispel Undead         Necr           100%       3d31      0%          4
z - Sublimation of Blood  Necr           100%       N/A       0%          2

Your spell library contained the following spells:

 Spells                   Type           Power      Damage    Failure   Level
 Beastly Appendage        Tmut           100%       N/A       0%          1
 Freeze                   Ice            100%       1d11      0%          1
 Necrotise                Necr           100%       1d9       0%          1
 Sandblast                Erth           100%       2d20      0%          1
 Passwall                 Tmut/Erth      94%        N/A       0%          2
 Wereblood                Tmut           100%       N/A       0%          2
 Stone Arrow              Conj/Erth      100%       3d13      0%          3
 Petrify                  Tmut/Erth      100%       N/A       0%          4
 Agony                    Necr           100%       N/A       0%          5
 Blade Hands              Tmut           53%        N/A       0%          5
 Lee's Rapid Deconstruct  Erth           58%        3d28*     0%          5
 Foxfire                  Conj/Fire      100%       2x1d9     1%          1
 Magic Dart               Conj           100%       1d8       1%          1
 Shock                    Conj/Air       100%       1d9       1%          1
 Ensorcelled Hibernation  Hex/Ice        100%       N/A       1%          2
 Searing Ray              Conj           100%       2d8       1%          2
 Static Discharge         Conj/Air       44%        3-9/arc   1%          2
 Ignite Poison            Fire/Tmut/Pois 66%        N/A       1%          3
 Spider Form              Tmut/Pois      79%        N/A       1%          3
 Anguish                  Hex/Necr       50%        N/A       1%          4
 Animate Armour           Summ/Erth      100%       N/A       1%          4
 Leda's Liquefaction      Hex/Erth       43%        N/A       1%          4
 Freezing Cloud           Conj/Ice/Air   39%        6-21      1%          5
 Irradiate                Conj/Tmut      43%        3d26      1%          5
 Metabolic Englaciation   Hex/Ice        43%        N/A       1%          5
 Yara's Violent Unravell  Hex/Tmut       39%        3d16      1%          5
 Death Channel            Necr           65%        N/A       1%          6
 Statue Form              Tmut/Erth      75%        N/A       1%          6
 Borgnjor's Revivificati  Necr           65%        N/A       2%          8
 Infestation              Necr           65%        N/A       2%          8
 Apportation              Tloc           54%        N/A       3%          1
 Summon Small Mammal      Summ           100%       N/A       3%          1
 Conjure Flame            Conj/Fire      44%        6-21      3%          3
 Dazzling Flash           Conj/Hex       88%        N/A       3%          3
 Call Imp                 Summ           27%        N/A       4%          2
 Scorch                   Fire           54%        2d7       4%          2
 Mephitic Cloud           Conj/Pois/Air  38%        N/A       4%          3
 Call Canine Familiar     Summ           27%        N/A       9%          3
 Confusing Touch          Hex            27%        N/A       9%          3
 Gell's Gravitas          Tloc           27%        N/A       9%          3
 Inner Flame              Hex/Fire       27%        N/A       9%          3
 Lesser Beckoning         Tloc           27%        N/A       9%          3
 Portal Projectile        Hex/Tloc       54%        N/A       9%          3
 Summon Guardian Golem    Hex/Summ       27%        N/A       9%          3
 Teleport Other           Tloc           27%        N/A       9%          3
 Tukima's Dance           Hex            27%        N/A       9%          3
 Flame Wave               Conj/Fire      44%        2d11      11%         4
 Fulminant Prism          Conj/Hex       22%        3d13      11%         4
 Iskenderun's Mystic Bla  Conj/Tloc      44%        2d10      11%         4
 Sticky Flame             Conj/Fire      44%        2d6       11%         4
 Iskenderun's Battlesphe  Conj           57%        2d11      11%         5
 Haunt                    Necr/Summ      50%        N/A       26%         7
 Lehudib's Crystal Spear  Conj/Erth      46%        10d11     26%         8
 Airstrike                Air            13%        2d(2-18)  28%         4
 Passage of Golubria      Tloc           27%        N/A       28%         4
 Summon Lightning Spire   Summ/Air       27%        N/A       28%         4
 Fireball                 Conj/Fire      22%        3d10      28%         5
 Lightning Bolt           Conj/Air       22%        1d37      28%         5
 Death's Door             Necr           65%        N/A       34%         9
 Manifold Assault         Tloc           27%        N/A       63%         5
 Silence                  Hex/Air        13%        N/A       63%         5
 Summon Mana Viper        Hex/Summ       27%        N/A       63%         5
 Conjure Ball Lightning   Conj/Air       22%        3x3d6     85%         6
 Starburst                Conj/Fire      22%        6d7       85%         6
 Orb of Destruction       Conj           28%        9d9       97%         7
 Dispersal                Tloc           13%        N/A       99%         6
 Summon Cactus Giant      Summ           13%        N/A       99%         6
 Enfeeble                 Hex            13%        N/A       100%        7
 Malign Gateway           Summ/Tloc      13%        N/A       100%        7
 Monstrous Menagerie      Summ           13%        N/A       100%        7
 Spellforged Servitor     Conj/Summ      22%        N/A       100%        7
 Summon Hydra             Summ           13%        N/A       100%        7
 Disjunction              Tloc           13%        N/A       100%        8
 Ignition                 Fire           13%        3d6       100%        8
 Summon Horrible Things   Summ           13%        N/A       100%        8
 Chain Lightning          Conj/Air       22%        3d29      100%        9
 Fire Storm               Conj/Fire      22%        8d6       100%        9
 Animate Dead             Necr           Unusable   N/A       N/A         4
 Corpse Rot               Necr/Pois/Air  Unusable   N/A       N/A         4
 Simulacrum               Ice/Necr       Unusable   N/A       N/A         6
 Blink                    Tloc           Unusable   N/A       N/A         2
 Swiftness                Air            Unusable   N/A       N/A         3

Dungeon Overview and Level Annotations

Branches:
Dungeon (15/15)            Temple (1/1) D:5            Lair (5/5) D:11
  Swamp (4/4) Lair:2        Snake (4/4) Lair:3        Slime (0/5) Lair:4
    Orc (2/2) D:11            Elf (3/3) Orc:2        Vaults (5/5) D:14
  Crypt (3/3) Vaults:2       Tomb (3/3) Crypt:3      Depths (0/4) D:15
 Bailey (visited)

Altars:
Ashenzari
Cheibriados
Dithmenos
Elyvilon
Fedhas
Gozag
Hepliaklqana
Kikubaaqudgha
Makhleb
Nemelex Xobeh
Okawaru
Qazlal
Ru
Sif Muna
Trog
Uskayaw
Vehumet
Wu Jian
Xom
Yredelemnul
Zin
The Shining One

Shops:
Orc:2 ?=(=   Elf:1 (   Elf:2 ?*


Innate Abilities, Weirdness & Mutations

You are an undead lich.
Your unarmed attacks are suffused with negative energy.
You are immune to unholy pain and torment.
Your necromantic spells are more powerful.
You cannot drink.
You are immune to poison.
You cannot be hasted, slowed, berserked, paralysed or teleported.
You can dig through walls and to a lower floor.
You have a pair of large antennae on your head. (SInv)
Your four strong arms can wield two-handed weapons with a shield.
You are partially covered in iridescent scales. (AC +2)
You passively map a small area around you.
You are robust. (+10% HP)


Message History

The ettin is distracted by your dazzling golden aura.
The titan is distracted by your dazzling golden aura.
The ancient lich is distracted by your dazzling golden aura.
The titan casts a spell at you. The bolt of lightning hits you!!!
A vault warden comes into view. It is wielding a +0 battleaxe.
The sphinx is distracted by your dazzling golden aura.
The ettin shouts in stereo!
The titan shouts!
Casting: Shatter (dangerous; 4% risk of failure)
Confirm with . or Enter, or press ? or * to list all spells.
The dungeon rumbles!
The titan simulacrum vaporises!
You destroy the ancient lich!
The golden dragon simulacrum vaporises!
You kill the elephant!
The golden dragon is heavily wounded.
The sphinx is no longer distracted by gold.
The sphinx is severely wounded.
You kill the shock serpent!
The shock serpent's shape twists and changes as it dies.
The titan is no longer distracted by gold.
The titan is almost dead.
The titan is heavily wounded.
You kill the titan!
The golden dragon is no longer distracted by gold.
The golden dragon is heavily wounded.
You kill the vault warden!
You kill the ettin!
You destroy the ancient lich!
The vault warden is almost dead.
You kill the titan!
Ka-crash!
You hear a deafening roar!
The sphinx is distracted by your dazzling golden aura.
The golden dragon is distracted by your dazzling golden aura.
The titan casts a spell at you. The bolt of lightning hits you!!!
You die...
Your body crumbles into a pile of gold.

, *
........................
,
........................
...........§§§§§§#§§§§..,
,
........###§§§§§§#§§§§..,
,
.........#.§§§§§§#§§§§..
...........§§§§§§§§§§CC.
...........§§§§§§§§§§§$.
,
...........§§§§§L§§§D§H$
$
...........§§§§§§§§§§§§$,
,
...........§§§§§§§§§§§$$
,
.........#.§§§§§§§§§§§p$
........###§§§§§###§§§D.
...........§§§§§.# §§§.$
................... ....
................... ....,
* , , , *


You could see 2 titans, 2 golden dragons, a sphinx (empowered, unaware) and a
vault warden (empowered).

Vanquished Creatures
  12 dread liches
  19 ancient liches
  2 juggernauts
  32 royal mummies
  4 Killer Klowns (Zig:11)
  Saint Roka (Elf:3)
  Margery (Vaults:5)
  5 pandemonium lords
  The ghost of yalue the Executioner, an adept MiFi of the Shining One (Crypt:1)
  17 golden dragons
  Nikola (Vaults:3)
  A bone dragon (Crypt:3)
  13 Brimstone Fiends
  7 Tzitzimimeh
  6 Hell Sentinels
  2 tentacled monstrosities
  6 hellephants (Zig:23)
  3 Ice Fiends
  8 searing wretches (Zig:23)
  Mlioglotl (Swamp:2)
  6 liches
  A shard shrike skeleton (Tomb:3)
  5 deep elf blademasters
  13 titans
  8 ancient champions
  3 quicksilver dragons (Vaults:5)
  4 deep elf master archers
  21 sphinxes
  5 shadow dragons
  Frances (Swamp:2)
  6 Executioners
  A sphinx (shapeshifter) (Zig:11)
  A thorn hunter (Zig:16)
  Kirke (D:14)
  Donald (Swamp:2)
  5 storm dragons
  7 revenants
  8 tengu reavers
  11 draconian scorchers
  7 demonspawn warmongers
  11 orc warlords
  5 frost giants
  25 vault wardens
  7 draconian knights
  15 nagarajas
  8 draconian monks
  Louise (Swamp:4)
  4 fire giants
  3 emperor scorpions (Zig:19)
  The ghost of Henri the Gelid, a journeyman DsIE of Gozag (Snake:1)
  Aizul (Snake:4)
  14 balrugs
  5 cacodemons
  12 draconian stormcallers
  3 ghost moths (Zig:19)
  6 deep elf elementalists
  9 deep elf sorcerers
  2 juggernaut zombies
  14 draconian shifters
  3 curse skulls
  12 draconian annihilators
  20 ironbound preservers
  A broodmother (Zig:19)
  6 reapers
  A quicksilver ooze (shapeshifter) (Zig:26)
  15 stone giants
  6 war gargoyles
  13 demonspawn corrupters
  8 demonspawn blood saints
  A caustic shrike skeleton (Zig:20)
  20 very ugly things
  6 ironbound thunderhulks
  9 eleionomae
  3 green draconians
  10 bennus (Tomb:3)
  7 demonspawn black suns
  4 vampire knights
  5 deep elf demonologists
  3 lorocyprocas
  Nessos (Orc:2)
  15 deep elf annihilators
  9 black draconians
  6 white draconians
  6 bunyips
  3 spark wasps (Zig:19)
  2 entropy weavers (shapeshifter)
  5 entropy weavers
  3 purple draconians (Zig:24)
  5 yellow draconians
  5 red draconians
  11 dire elephants
  4 blizzard demons
  An acid blob zombie (Crypt:1)
  Josephine (Lair:5)
  29 mummy priests
  6 green deaths
  9 deep elf death magi
  4 eidola
  10 ettins
  11 jiangshi
  2 merfolk javelineers (Zig:10)
  A merfolk impaler (Zig:10)
  A spriggan zombie (Crypt:3)
  4 fire dragons (Elf:3)
  10 deep elf high priests
  6 great orbs of eyes
  A fire dragon (shapeshifter) (Zig:26)
  16 yaktaur captains
  6 crystal guardians
  5 hell beasts
  A shambling mangrove (Swamp:4)
  33 vault guards
  30 hydras
  A rakshasa (D:15)
  7 boulder beetles
  12 anacondas
  4 ogre magi
  3 catoblepae (Lair:5)
  A jorogumo (Zig:19)
  A quicksilver dragon skeleton (Tomb:3)
  A jorogumo (shapeshifter) (Zig:27)
  3 peacekeepers
  22 salamander tyrants
  3 spriggan air magi (Zig:18)
  A stoker (Zig:23)
  3 ghost crabs
  8 ironbound frosthearts
  2 radroaches (Zig:19)
  16 naga warriors
  An alligator snapping turtle (Zig:10)
  2 merfolk aquamancers (Zig:10)
  3 tengu warriors (D:13)
  50 dancing weapons
  Erica (D:10)
  24 centaur warriors
  7 two-headed ogres
  10 death yaks
  46 death scarabs
  A two-headed ogre (shapeshifter) (Zig:12)
  14 alligators
  A hell hog (Zig:23)
  14 orc high priests
  A deep troll earth mage (Vaults:5)
  7 vampire magi
  5 shock serpents
  14 naga sharpshooters
  A storm dragon zombie (Crypt:2)
  3 shock serpents (shapeshifter)
  3 titan zombies
  A fire crab (shapeshifter) (Zig:9)
  13 hell knights
  A soul eater (Crypt:2)
  22 deep elf knights
  2 titan skeletons
  4 iron trolls
  A spark wasp zombie (Crypt:2)
  10 salamander mystics
  A sixfirhy (Zig:22)
  An entropy weaver zombie (Crypt:2)
  An anaconda zombie (Crypt:3)
  40 deep trolls
  3 pharaoh ants (Zig:19)
  4 sun moths (Zig:19)
  2 golden dragon zombies (Crypt:3)
  A death drake (Zig:16)
  36 skeletal warriors
  4 shadow demons
  2 flayed ghosts
  4 spriggan druids
  An iron giant skeleton (Crypt:2)
  2 bunyip zombies (Crypt:3)
  11 sea snakes
  17 deep elf archers
  A steelbarb worm (shapeshifter) (Zig:1)
  2 steelbarb worms (Zig:19)
  6 orange crystal statues
  2 orb spiders (Zig:19)
  13 swamp dragons
  A spriggan simulacrum (Tomb:2)
  An anaconda skeleton (Crypt:2)
  4 naga ritualists
  6 goliath frogs
  9 harpies
  9 bog bodies
  7 lindwurms
  A lindwurm (shapeshifter) (Zig:27)
  11 phantasmal warriors
  5 wizards
  2 obsidian statues (Zig:22)
  13 ironbound convokers
  A tengu zombie (Zig:20)
  A fenstrider witch simulacrum (Tomb:3)
  13 orc knights
  36 deep elf pyromancers
  12 necromancers
  3 oklob plants (Lair:4)
  2 fauns (Zig:10)
  38 deep elf zephyrmancers
  6 cyclopes
  4 wolf spiders (Zig:19)
  6 moths of wrath
  A glowing shapeshifter (Zig:27)
  11 orc sorcerers
  An iron dragon zombie (Zig:20)
  2 statues (D:10)
  20 salamanders
  A wolf spider (shapeshifter) (Vaults:3)
  7 mana vipers
  2 centaur zombies
  19 manticores
  16 ugly things
  2 merfolk sirens (Zig:10)
  4 will-o-the-wisps
  An iron dragon skeleton (Crypt:3)
  An elephant (shapeshifter) (Zig:27)
  A naga zombie (Tomb:1)
  27 vault sentinels
  3 guardian serpents
  An eye of devastation (shapeshifter) (Vaults:4)
  4 apocalypse crabs (Zig:11)
  3 smoke demons
  6 torpor snails
  42 black mambas
  A rust devil (Zig:25)
  A dire elephant zombie (Tomb:1)
  2 water nymphs (shapeshifter)
  An ice statue (Zig:17)
  24 naga magi
  4 elephants
  11 cane toads
  A centaur skeleton (Crypt:3)
  A dire elephant skeleton (Crypt:3)
  9 hellions
  A pale draconian zombie (Crypt:2)
  2 water nymphs (Zig:10)
  8 orange demons
  9 komodo dragons
  19 yaktaurs
  A demonic crawler (Zig:19)
  3 freezing wraiths
  A death yak skeleton (Crypt:1)
  2 hellwings (Zig:22)
  6 tormentors
  An efreet (D:15)
  2 tengu conjurers
  A red devil (Zig:25)
  A mana viper zombie (Crypt:1)
  48 guardian mummies
  A red draconian skeleton (Crypt:1)
  An ice devil (Zig:25)
  A meliai (shapeshifter) (D:15)
  A catoblepas skeleton (Crypt:2)
  2 harpy zombies
  A wind drake (shapeshifter) (Zig:26)
  9 hornets
  7 merfolk (Zig:10)
  13 trolls
  A merfolk (shapeshifter) (Zig:11)
  A tengu simulacrum (Zig:5)
  2 bloated husks
  3 polar bears
  2 tarantellas (Zig:19)
  12 tyrant leeches
  Grinder (D:5)
  17 blink frogs
  A hydra skeleton (Tomb:3)
  A snapping turtle (shapeshifter) (Zig:26)
  2 dream sheep (Lair:5)
  An alligator zombie (Crypt:1)
  39 slime creatures
  A dream sheep (shapeshifter) (Zig:27)
  5 air elementals
  2 jumping spiders (Zig:19)
  4 large abominations
  A jumping spider (shapeshifter) (D:15)
  2 harpy skeletons
  56 flying skulls
  4 shadows
  12 water elementals
  7 spriggans
  4 wyverns
  2 culicivoras (Zig:19)
  67 yaks
  10 wraiths
  17 ushabtiu
  3 ynoxinuls
  7 basilisks
  5 fire elementals
  3 chaos spawn
  A human (shapeshifter) (D:14)
  4 hogs (D:14)
  3 steam dragons
  A basilisk (shapeshifter) (Zig:27)
  A harpy simulacrum (Crypt:2)
  6 vampire mosquitoes
  2 redbacks (Zig:19)
  13 swamp worms
  39 nagas
  6 wargs
  An acid dragon (D:13)
  2 glowing shapeshifter zombies (Zig:20)
  17 water moccasins
  A warg (shapeshifter) (Zig:11)
  A demonspawn skeleton (Crypt:1)
  53 orc warriors
  3 swamp drakes
  Pargi (D:3)
  13 ogres
  3 black bears
  2 ice beasts
  5 boggarts (D:15)
  8 centaurs
  44 wolves
  A torpor snail zombie (Crypt:1)
  2 phantoms (D:5)
  The ghost of Linkola the Magician, an amateur DEAE (D:3)
  A rime drake skeleton (Crypt:1)
  4 necrophages (Crypt:3)
  A kobold brigand (D:9)
  13 bullfrogs
  3 earth elementals
  2 gnoll sergeants (D:10)
  8 scorpions
  9 killer bees (D:8)
  8 electric eels
  4 jellies
  5 howler monkeys
  A lava snake (D:11)
  A hound (D:6)
  28 orc priests
  A gnoll bouda (D:8)
  Ijyb (D:5)
  6 iguanas
  24 orc wizards
  4 hell rats
  53 mummies
  26 gnolls
  A howler monkey skeleton (Crypt:1)
  5 river rats (Lair:1)
  A swamp drake zombie (Crypt:2)
  8 adders
  A steam dragon skeleton (Crypt:2)
  A shadow imp (D:4)
  3 white imps
  An ufetubus (D:6)
  A lava snake skeleton (Crypt:2)
  A dart slug (D:1)
  107 orcs
  8 ball pythons
  4 endoplasms
  3 giant cockroaches
  12 goblins
  7 hobgoblins
  13 kobolds
  4 quokkas
  A ball python skeleton (Crypt:1)
  7 bats
  6 frilled lizards
  A frilled lizard skeleton (Crypt:2)
  10 rats
  13 briar patches (Zig:16)
  2 bushes (D:10)
  A butterfly (Lair:1)
2838 creatures vanquished.

Vanquished Creatures (others)
  A golden dragon (Zig:26)
  A war gargoyle (Vaults:2)
  An eleionoma (Swamp:2)
  A blizzard demon (Zig:22)
  An alligator (Zig:16)
  4 deep elf knights (Elf:2)
  A deep troll (Vaults:2)
  A deep elf zephyrmancer (Elf:1)
  A hornet (Zig:12)
  An air elemental (Elf:3)
  A fire elemental (Elf:2)
  An orc (Orc:2)
  A briar patch (Zig:16)
  15 foxfires
  37 fungi
  133 plants
  5 toadstools (D:7)
206 creatures vanquished.

Grand Total: 3044 creatures vanquished

Notes
Turn   | Place    | Note
-------+----------+-------------------------------------------
     0 | D:1      | DildoBatman the Formicid Conjurer began the quest for the
                  | Orb.
     0 | D:1      | Reached XP level 1. HP: 13/13 MP: 3/3
   178 | D:1      | Found a faded altar of an unknown god.
   204 | D:1      | Reached XP level 2. HP: 20/20 MP: 0/5
   213 | D:1      | Learned a level 2 spell: Searing Ray
   519 | D:1      | Reached skill level 1 in Fighting
   519 | D:1      | Reached skill level 1 in Armour
   519 | D:1      | Reached XP level 3. HP: 22/26 MP: 1/6
  1069 | D:2      | Identified the +0 leather armour "Xegarett" {rPois rC+}
  1072 | D:2      | Reached XP level 4. HP: 32/32 MP: 3/8
  1522 | D:3      | Noticed Pargi
  1588 | D:3      | Learned a level 3 spell: Vampiric Draining
  1895 | D:3      | Found a large runed translucent door.
  1895 | D:3      | Found a large runed translucent door.
  1896 | D:3      | Noticed Linkola's ghost (amateur DEAE)
  1938 | D:3      | You fall into a shaft and drop 1 floor!
  2061 | D:4      | Noticed an ogre
  2067 | D:4      | Killed an ogre
  2068 | D:4      | Reached XP level 5. HP: 39/39 MP: 1/10
  2159 | D:4      | Reached XP level 6. HP: 46/46 MP: 5/11
  2483 | D:4      | Noticed a water moccasin
  2796 | D:4      | Found a sparkling altar of Nemelex Xobeh.
  2862 | D:4      | Reached skill level 5 in Conjurations
  2862 | D:4      | Reached XP level 7. HP: 52/52 MP: 9/13
  3027 | D:5      | Entered Level 5 of the Dungeon
  3027 | D:5      | Noticed Grinder
  3154 | D:5      | Reached skill level 5 in Spellcasting
  3287 | D:5      | Identified the amulet of Awymylun {Reflect -Tele rElec
                  | rCorr Str+4 Int+3 SH+5}
  3360 | D:5      | Noticed Ijyb
  3570 | D:5      | Reached XP level 8. HP: 58/58 MP: 13/17
  4185 | D:5      | Found a staircase to the Ecumenical Temple.
  4194 | Temple   | Entered the Ecumenical Temple
  4362 | Temple   | Became a worshipper of Kikubaaqudgha
  4531 | D:3      | Killed Pargi
  4532 | D:3      | Reached skill level 1 in Necromancy
  4912 | D:3      | Killed Linkola's ghost
  5247 | D:5      | Killed Ijyb
  5407 | D:5      | Killed Grinder
  5408 | D:5      | Reached XP level 9. HP: 64/64 MP: 6/19
  5756 | D:6      | Reached * piety under Kikubaaqudgha
  5756 | D:6      | Received a gift from Kikubaaqudgha
  6710 | D:7      | Found a flagged portal.
  6723 | Bailey   | Entered a bailey
  6858 | Bailey   | Reached ** piety under Kikubaaqudgha
  6893 | Bailey   | Reached XP level 10. HP: 69/73 MP: 15/20
  7091 | D:7      | Reached skill level 5 in Armour
  7197 | D:7      | Reached skill level 5 in Fighting
  7292 | D:7      | Identified the +1 ring mail of Komme {rPois rF+ Str+4
                  | Slay+2}
  7401 | D:8      | Noticed a two-headed ogre
  7831 | D:8      | Reached skill level 5 in Necromancy
  8015 | D:8      | Found a blossoming altar of Fedhas.
  9135 | D:9      | Reached *** piety under Kikubaaqudgha
  9135 | D:9      | Received a gift from Kikubaaqudgha
  9151 | D:9      | Learned a level 4 spell: Dispel Undead
  9423 | D:9      | Reached XP level 11. HP: 52/79 MP: 18/21
  9544 | D:10     | Entered Level 10 of the Dungeon
  9582 | D:10     | Noticed a two-headed ogre
  9590 | D:10     | Noticed Erica
  9615 | D:10     | Killed Erica
  9658 | D:10     | Killed a two-headed ogre
  9724 | D:8      | Reached skill level 5 in Dodging
  9724 | D:8      | Reached skill level 10 in Shields
  9724 | D:8      | Reached skill level 10 in Necromancy
  9724 | D:8      | Reached XP level 12. HP: 91/91 MP: 22/24
  9741 | D:8      | Killed a two-headed ogre
  9777 | D:10     | Noticed a two-headed ogre
  9786 | D:10     | Killed a two-headed ogre
  9798 | D:10     | Noticed a two-headed ogre
  9810 | D:10     | Killed a two-headed ogre
 10264 | D:11     | Noticed a death yak
 10265 | D:11     | Noticed a death yak
 10268 | D:11     | Noticed a death yak
 10280 | D:10     | Killed a death yak
 10320 | D:11     | Noticed a two-headed ogre
 10397 | D:11     | Killed a two-headed ogre
 10622 | D:11     | Found a staircase to the Lair.
 10633 | D:11     | Noticed a two-headed ogre
 10659 | D:11     | Killed a death yak
 10676 | D:11     | Killed a death yak
 10677 | D:11     | Reached XP level 13. HP: 26/98 MP: 3/26
 10683 | D:11     | Reached **** piety under Kikubaaqudgha
 10921 | D:11     | Noticed a five-headed hydra
 10935 | D:11     | Killed a one-headed hydra
 10948 | D:11     | Found a staircase to the Orcish Mines.
 11011 | D:11     | Noticed a boulder beetle
 11036 | D:11     | Killed a boulder beetle
 11043 | D:11     | Identified the ring "Tomez" {rF+ EV+4 Int+4}
 11102 | D:11     | Noticed a boulder beetle
 11127 | D:11     | Killed a boulder beetle
 11360 | Orc:1    | Entered Level 1 of the Orcish Mines
 11640 | Orc:2    | Entered Level 2 of the Orcish Mines
 11671 | Orc:1    | Noticed an orc warlord
 11990 | Orc:2    | Reached ***** piety under Kikubaaqudgha
 12367 | Orc:2    | Found a staircase to the Elven Halls.
 12877 | Orc:2    | Noticed Nessos
 12913 | Orc:2    | Killed Nessos
 13063 | Orc:2    | Reached skill level 10 in Spellcasting
 13399 | Orc:2    | Found Taji Yqy's Jewellery Boutique.
 13402 | Orc:2    | Found Duuw's Jewellery Boutique.
 13403 | Orc:2    | Found Pymussot's Magic Scroll Boutique.
 13404 | Orc:2    | Found Huvetau's Weapon Shop.
 13407 | Orc:2    | Bought a scroll of magic mapping for 75 gold pieces
 13407 | Orc:2    | Bought a scroll of fear for 40 gold pieces
 13407 | Orc:2    | Bought a scroll of identify for 20 gold pieces
 13407 | Orc:2    | Bought a scroll of identify for 20 gold pieces
 13407 | Orc:2    | Bought a scroll of identify for 20 gold pieces
 13576 | Orc:1    | Reached XP level 14. HP: 97/104 MP: 28/28
 13642 | Orc:1    | Noticed an orc warlord
 13892 | Lair:1   | Entered Level 1 of the Lair of Beasts
 14009 | Lair:1   | Learned a level 3 spell: Stone Arrow
 14041 | Lair:1   | Reached skill level 1 in Earth Magic
 14679 | Lair:2   | Reached skill level 5 in Earth Magic
 14878 | Lair:2   | Found a staircase to the Swamp.
 14920 | Lair:2   | Reached ****** piety under Kikubaaqudgha
 14957 | Lair:1   | Received a gift from Kikubaaqudgha
 14958 | Lair:1   | Fell from the grace of Kikubaaqudgha
 15126 | Temple   | Became a worshipper of Gozag Ym Sagoz the Greedy
 15897 | Lair:2   | Gained mutation: Potions are less effective at restoring
                  | your health. [potion of mutation]
 15897 | Lair:2   | Gained mutation: Your mind is acute. (Int +4, Str/Dex -1)
                  | [potion of mutation]
 15898 | Lair:2   | Lost mutation: Potions are less effective at restoring your
                  | health. [potion of mutation]
 15898 | Lair:2   | Lost mutation: Your mind is acute. (Int +4, Str/Dex -1)
                  | [potion of mutation]
 15898 | Lair:2   | Gained mutation: Your magical capacity is low. (-10% MP)
                  | [potion of mutation]
 15898 | Lair:2   | Gained mutation: Your movements are slightly less
                  | encumbered by armour. (ER -2) [potion of mutation]
 15899 | Lair:2   | Lost mutation: Your movements are slightly less encumbered
                  | by armour. (ER -2) [potion of mutation]
 15899 | Lair:2   | Lost mutation: Your magical capacity is low. (-10% MP)
                  | [potion of mutation]
 15899 | Lair:2   | Gained mutation: You have hidden genetic defects. [potion
                  | of mutation]
 15899 | Lair:2   | Gained mutation: Your skin changes colour to match your
                  | surroundings (Stealth+). [potion of mutation]
 15923 | Lair:3   | Found a staircase to the Snake Pit.
 16329 | Lair:3   | Gained mutation: Your spells are a little easier to cast,
                  | but a little less powerful. [hidden defects]
 16416 | Lair:3   | Reached skill level 10 in Fighting
 16416 | Lair:3   | Reached skill level 10 in Armour
 16701 | Orc:2    | Bought the amulet of Vitality {RegenMP++ Regen++} for 1300
                  | gold pieces
 16701 | Orc:2    | Found the amulet of Vitality {RegenMP++ Regen++}
 17601 | Lair:4   | You fall into a shaft and drop 1 floor!
 17601 | Lair:5   | Entered Level 5 of the Lair of Beasts
 17616 | Lair:5   | Noticed Josephine
 17643 | Lair:5   | Killed Josephine
 17644 | Lair:5   | Reached XP level 15. HP: 50/100 MP: 10/29
 17653 | Lair:5   | Gained mutation: Your body sometimes deteriorates upon
                  | taking damage. [hidden defects]
 17653 | Lair:5   | Lost mutation: You have hidden genetic defects. [hidden
                  | defects expressed]
 17961 | Lair:4   | Identified the +1 leather armour "Vosokhlae" {rElec Str+8
                  | Slay-2}
 17995 | Lair:4   | Identified the +7 hand axe "Peosonee" {speed, Fly}
 18603 | Lair:4   | Found a staircase to the Slime Pits.
 20504 | Lair:5   | Reached XP level 16. HP: 122/126 MP: 23/31
 20520 | Lair:5   | Found the dreamshard necklace {*Dream Drain}
 21187 | D:12     | Reached skill level 15 in Shields
 21542 | D:12     | Was forgiven by Kikubaaqudgha
 22117 | D:13     | Found a runed translucent door.
 22624 | D:14     | Learned a level 5 spell: Borgnjor's Vile Clutch
 22689 | D:14     | Got Unoso's Monograph on Unstable Conjuration
 22732 | D:14     | Noticed Kirke
 22971 | D:14     | Found a gate to the Vaults.
 23153 | D:14     | Killed Kirke
 23597 | D:15     | Entered Level 15 of the Dungeon
 24460 | D:15     | Found a staircase to the Depths.
 24740 | D:10     | Reached XP level 17. HP: 133/133 MP: 29/33
 24754 | D:10     | Got Veavvuf's Tome of Conflict
 25104 | Orc:1    | Identified the +10 scimitar of Blind Justice {vamp, MP+9
                  | Str+2}
 25360 | Snake:1  | Entered Level 1 of the Snake Pit
 25717 | Snake:1  | Found a runed translucent door.
 25719 | Snake:1  | Noticed Henri's ghost (journeyman DsIE)
 25997 | Snake:1  | Reached skill level 10 in Earth Magic
 26308 | Snake:1  | Killed Henri's ghost
 27442 | Snake:3  | Reached XP level 18. HP: 121/140 MP: 35/35
 27648 | Snake:4  | Entered Level 4 of the Snake Pit
 27685 | Snake:4  | Noticed Aizul
 27697 | Snake:4  | Killed Aizul
 27708 | Snake:4  | Identified the +2 cloak of Yredelemnul's Approval {rF+
                  | Will+ Dex+3}
 27752 | Snake:4  | Reached skill level 15 in Necromancy
 28414 | Snake:4  | Got a serpentine rune of Zot
 28757 | Swamp:1  | Entered Level 1 of the Swamp
 29097 | Swamp:1  | Learned a level 6 spell: Iron Shot
 29106 | Swamp:1  | Learned a level 8 spell: Necromutation
 29422 | Swamp:2  | Noticed Mlioglotl
 29626 | Vaults:1 | Entered Level 1 of the Vaults
 29662 | Vaults:1 | Reached XP level 19. HP: 128/146 MP: 27/37
 29670 | Vaults:1 | Reached skill level 15 in Spellcasting
 29859 | Vaults:1 | Reached skill level 15 in Earth Magic
 30408 | Vaults:1 | Identified the +3 bardiche of Ruination {vorpal, rN+}
 30486 | Vaults:1 | Lost mutation: Your body sometimes deteriorates upon taking
                  | damage. [potion of mutation]
 30486 | Vaults:1 | Lost mutation: Your spells are a little easier to cast, but
                  | a little less powerful. [potion of mutation]
 30486 | Vaults:1 | Lost mutation: Your skin changes colour to match your
                  | surroundings (Stealth+). [potion of mutation]
 30486 | Vaults:1 | Gained mutation: You expend magic power (3 MP) to
                  | strengthen your wands. [potion of mutation]
 30486 | Vaults:1 | Gained mutation: Your flesh is heat resistant. (rF+)
                  | [potion of mutation]
 31133 | D:13     | Identified the +9 storm dragon scales of a Gauntlet {rElec
                  | rCorr}
 31159 | D:13     | Identified the +3 robe of the Slightly Bent {rC+}
 31164 | D:13     | Identified the +2 fire dragon scales of Quil {rElec rPois
                  | rF++ rC- Int+5 Dex-5}
 31170 | D:13     | Got the Dissertation on Injurious Hexes
 31313 | Vaults:2 | Identified the ring "Ukorocva" {Contam Fly rC+ Dex+5}
 31396 | Vaults:2 | Reached XP level 20. HP: 153/153 MP: 9/39
 31698 | Vaults:2 | Found a staircase to the Crypt.
 33059 | Vaults:3 | Noticed Nikola
 33306 | Vaults:3 | Reached XP level 21. HP: 153/159 MP: 22/40
 33311 | Vaults:3 | Noticed a dread lich
 33317 | Vaults:3 | Killed a dread lich
 33530 | Vaults:3 | Killed Nikola
 33858 | Vaults:4 | Identified the +1 dagger of Gehenna {antimagic, rElec rN+
                  | Str+2}
 34040 | Vaults:4 | Identified the +2 mace of Verdant Purpose {vorpal, +Blink
                  | rPois rCorr}
 34163 | Vaults:4 | Identified the +8 hand axe "Kesmuux" {flame, rN+ rCorr}
 35101 | Swamp:2  | Killed Mlioglotl
 35206 | Swamp:2  | Noticed Frances
 35219 | Swamp:2  | Killed Frances
 35245 | Swamp:2  | Learned a level 2 spell: Sublimation of Blood
 35415 | Swamp:2  | Noticed Donald
 35420 | Swamp:2  | Killed Donald
 36045 | Swamp:4  | Entered Level 4 of the Swamp
 36246 | Swamp:4  | Reached XP level 22. HP: 157/165 MP: 16/41
 36500 | Swamp:4  | Noticed Louise
 36537 | Swamp:4  | Killed Louise
 36705 | Swamp:4  | Got a decaying rune of Zot
 37105 | D:11     | Lost mutation: Your flesh is heat resistant. (rF+) [potion
                  | of mutation]
 37105 | D:11     | Lost mutation: You expend magic power (3 MP) to strengthen
                  | your wands. [potion of mutation]
 37105 | D:11     | Gained mutation: Your muscles are strong. (Str +4, Int/Dex
                  | -1) [potion of mutation]
 37105 | D:11     | Gained mutation: Your system is resistant to poisons.
                  | (rPois) [potion of mutation]
 37106 | D:11     | Lost mutation: Your muscles are strong. (Str +4, Int/Dex
                  | -1) [potion of mutation]
 37106 | D:11     | Lost mutation: Your system is resistant to poisons. (rPois)
                  | [potion of mutation]
 37106 | D:11     | Gained mutation: Your spells are a little easier to cast,
                  | but a little less powerful. [potion of mutation]
 37106 | D:11     | Gained mutation: You are weak. (Str -2) [potion of
                  | mutation]
 37107 | D:11     | Lost mutation: You are weak. (Str -2) [potion of mutation]
 37107 | D:11     | Lost mutation: Your spells are a little easier to cast, but
                  | a little less powerful. [potion of mutation]
 37107 | D:11     | Gained mutation: You are strong-willed. (Will+) [potion of
                  | mutation]
 37107 | D:11     | Gained mutation: Armour fits poorly on your strangely
                  | shaped body. [potion of mutation]
 37107 | D:11     | Gained mutation: You passively dampen the noise of your
                  | surroundings. [potion of mutation]
 37179 | Elf:1    | Entered Level 1 of the Elven Halls
 37310 | Elf:1    | Found Torghom's Antique Weapon Shoppe.
 37577 | Elf:1    | Reached skill level 1 in Transmutations
 38165 | Elf:2    | Found a runed translucent gate.
 38165 | Elf:2    | Found a runed translucent gate.
 38165 | Elf:2    | Found a runed translucent gate.
 38299 | Elf:2    | Reached skill level 5 in Transmutations
 38702 | Elf:2    | Found Voonkoly's Magic Scroll Emporium.
 38740 | Elf:2    | Bought a scroll of torment for 152 gold pieces
 38740 | Elf:2    | Bought a scroll of immolation for 64 gold pieces
 38740 | Elf:2    | Identified a scroll of acquirement
 38791 | Elf:2    | Found Faheawer's Assorted Antiques.
 38814 | Elf:2    | Bought a potion of curing for 84 gold pieces
 38814 | Elf:2    | Bought a potion of magic for 224 gold pieces
 38814 | Elf:2    | Bought a potion of resistance for 280 gold pieces
 38882 | Elf:2    | Reached XP level 23. HP: 171/171 MP: 37/42
 38949 | Elf:3    | Entered Level 3 of the Elven Halls
 39271 | Elf:3    | Noticed Saint Roka
 39295 | Elf:3    | Killed Saint Roka
 39456 | Elf:3    | Reached skill level 10 in Transmutations
 39716 | Elf:3    | Found the ring of the Tortoise {AC+8}
 39733 | Elf:3    | Got the Grimoire of Injurious Hexes
 39753 | Elf:3    | Identified the ring of Ephemeral Luck {AC+4 Int-5 Slay+5}
 39758 | Elf:3    | Got the Parchment of Might
 39770 | Elf:3    | Identified the +5 chain mail of Veufeq {Regen+}
 39778 | Elf:3    | Identified the ring of Ruxo {rElec Str+4 Dex+6}
 39881 | Elf:3    | Found Myuzxus's Antique Armour Shop.
 40013 | Elf:3    | Lost mutation: You are strong-willed. (Will+) [potion of
                  | mutation]
 40013 | Elf:3    | Lost mutation: Armour fits poorly on your strangely shaped
                  | body. [potion of mutation]
 40013 | Elf:3    | Lost mutation: You passively dampen the noise of your
                  | surroundings. [potion of mutation]
 40013 | Elf:3    | Gained mutation: You passively map a small area around you.
                  | [potion of mutation]
 40013 | Elf:3    | Gained mutation: Your flesh is cold resistant. (rC+)
                  | [potion of mutation]
 40549 | Crypt:1  | Entered Level 1 of the Crypt
 40655 | Crypt:1  | Found a runed translucent gate.
 40655 | Crypt:1  | Found a runed translucent gate.
 40655 | Crypt:1  | Found a runed translucent gate.
 40656 | Crypt:1  | Noticed yalue's ghost (adept MiFi)
 40679 | Crypt:1  | Killed yalue's ghost
 41281 | Crypt:2  | Reached XP level 24. HP: 174/175 MP: 42/42
 41288 | Crypt:2  | Reached skill level 15 in Transmutations
 41685 | Crypt:3  | Entered Level 3 of the Crypt
 42412 | Crypt:3  | Found a staircase to the Tomb.
 42610 | Crypt:3  | Found an ancient bone altar of Kikubaaqudgha.
 42611 | Crypt:3  | Noticed a dread lich
 42616 | Crypt:3  | Killed a dread lich
 42659 | Crypt:3  | Identified the +1 robe "Poidgh" {-Cast rElec rN+ Will+}
 42660 | Crypt:3  | Identified the +1 leather armour of Faisos {Rampage Int+4}
 43511 | Tomb:1   | Entered Level 1 of the Tomb of the Ancients
 43686 | Tomb:1   | Gained mutation: You are frail. (-10% HP) [mutagenic glow]
 43856 | Tomb:1   | Noticed a royal mummy
 43869 | Tomb:1   | Killed a royal mummy
 43893 | Tomb:1   | Noticed a royal mummy
 43902 | Tomb:1   | Killed a royal mummy
 43903 | Tomb:1   | Reached XP level 25. HP: 145/165 MP: 34/42
 44281 | Tomb:1   | Lost mutation: Your flesh is cold resistant. (rC+) [potion
                  | of mutation]
 44281 | Tomb:1   | Lost mutation: You passively map a small area around you.
                  | [potion of mutation]
 44281 | Tomb:1   | Lost mutation: You are frail. (-10% HP) [potion of
                  | mutation]
 44281 | Tomb:1   | Gained mutation: You have large cloven feet. [potion of
                  | mutation]
 44281 | Tomb:1   | Gained mutation: You are partially covered in iridescent
                  | scales. (AC +2) [potion of mutation]
 44282 | Tomb:1   | Acquired 635 gold pieces
 44389 | Tomb:1   | Learned a level 9 spell: Shatter
 44536 | Tomb:2   | Noticed a royal mummy
 44536 | Tomb:2   | Noticed a royal mummy
 44536 | Tomb:2   | Noticed a royal mummy
 44537 | Tomb:2   | Noticed a royal mummy
 44551 | Tomb:2   | Killed a royal mummy
 44555 | Tomb:2   | Killed a royal mummy
 44556 | Tomb:2   | Killed a royal mummy
 44557 | Tomb:2   | Killed a royal mummy
 45140 | Tomb:1   | Noticed a royal mummy
 45152 | Tomb:1   | Killed a royal mummy
 45173 | Tomb:1   | Noticed a royal mummy
 45196 | Tomb:1   | Noticed a royal mummy
 45199 | Tomb:1   | Killed a royal mummy
 45202 | Tomb:1   | Killed a royal mummy
 45223 | Tomb:1   | Noticed a royal mummy
 45232 | Tomb:1   | Killed a royal mummy
 45252 | Tomb:1   | Noticed a royal mummy
 45260 | Tomb:1   | Killed a royal mummy
 45295 | Tomb:1   | Noticed a royal mummy
 45302 | Tomb:1   | Noticed a royal mummy
 45303 | Tomb:1   | Noticed a royal mummy
 45308 | Tomb:1   | Killed a royal mummy
 45313 | Tomb:1   | Killed a royal mummy
 45317 | Tomb:1   | Killed a royal mummy
 45340 | Tomb:1   | Noticed a royal mummy
 45354 | Tomb:1   | Killed a royal mummy
 45510 | Tomb:3   | Entered Level 3 of the Tomb of the Ancients
 45523 | Tomb:3   | Noticed a royal mummy
 45535 | Tomb:3   | Noticed a royal mummy
 45537 | Tomb:3   | Killed a royal mummy
 45538 | Tomb:3   | Reached XP level 26. HP: 121/191 MP: 15/42
 45548 | Tomb:3   | Killed a royal mummy
 45578 | Tomb:3   | Noticed a royal mummy
 45596 | Tomb:3   | Noticed a royal mummy
 45598 | Tomb:3   | Noticed a royal mummy
 45599 | Tomb:3   | Killed a royal mummy
 45618 | Tomb:3   | Noticed a royal mummy
 45620 | Tomb:3   | Noticed a royal mummy
 45621 | Tomb:3   | Killed a royal mummy
 45622 | Tomb:3   | Killed a royal mummy
 45636 | Tomb:3   | Killed a royal mummy
 45645 | Tomb:3   | Killed a royal mummy
 45669 | Tomb:3   | Noticed a royal mummy
 45680 | Tomb:3   | Killed a royal mummy
 45965 | Tomb:3   | Found the +6 arbalest "Damnation" {damnation}
 45980 | Tomb:3   | Identified the +5 mace of the Queen {antimagic, rCorr}
 45983 | Tomb:3   | Found the +6 lightning scales {swift, rElec}
 45996 | Tomb:3   | Got the Directory of Peregrination
 45997 | Tomb:3   | Identified the ring "Neefouf" {rElec rPois Will+}
 46027 | Tomb:3   | Identified the ring of Zizuff {Ice MP+9 SInv Stlth+}
 46179 | Tomb:3   | Got a golden rune of Zot
 46309 | Tomb:3   | Learned a level 3 spell: Ozocubu's Armour
 46319 | Tomb:3   | Learned a level 9 spell: Polar Vortex
 46555 | Vaults:5 | Entered Level 5 of the Vaults
 46561 | Vaults:5 | Reached skill level 1 in Ice Magic
 46563 | Vaults:5 | Noticed Margery
 46642 | Vaults:5 | Killed Margery
 46643 | Vaults:5 | Reached skill level 5 in Ice Magic
 46699 | Vaults:5 | Noticed a dread lich
 46702 | Vaults:5 | Noticed a dread lich
 46758 | Vaults:5 | Killed a dread lich
 46759 | Vaults:5 | Reached XP level 27. HP: 80/197 MP: 27/42
 46759 | Vaults:5 | Killed a dread lich
 46766 | Vaults:5 | Identified the ring of Compulsion {rC+ MP+9}
 46769 | Vaults:5 | Noticed an ancient lich
 46825 | Vaults:5 | Killed an ancient lich
 47160 | Vaults:5 | Identified the +2 robe of Gaogh {rF- Dex+3}
 47292 | Vaults:5 | Identified the +1 falchion of Youthful Indiscretion
                  | {freeze, Will+ Str+4}
 47748 | Vaults:5 | Identified the +4 ring mail of Ferocious Contentment
                  | {+Blink Int+5}
 47752 | Vaults:5 | Identified the ring "Cywk" {rN+ Will+ Str+2 Int+4}
 47755 | Vaults:5 | Identified the ring of Qoad {Drain MP+9 Int+2 Dex+5}
 47888 | Vaults:5 | Identified the +6 falchion of Gloom {venom, rElec Int+3
                  | Dex+2 Stlth+}
 48673 | Zig:1    | Entered Level 1 of a ziggurat
 48720 | Zig:2    | Entered Level 2 of a ziggurat
 48742 | Zig:3    | Entered Level 3 of a ziggurat
 48781 | Zig:4    | Entered Level 4 of a ziggurat
 48787 | Zig:4    | Reached skill level 27 in Earth Magic
 48812 | Zig:5    | Entered Level 5 of a ziggurat
 48816 | Zig:5    | Found the +5 sword of Power {vorpal}
 48824 | Zig:5    | Reached skill level 10 in Ice Magic
 48839 | Zig:5    | Identified the +2 arbalest "Egaityg" {penet, rC+ MP+9
                  | Dex-5}
 48848 | Zig:5    | Got Kiostruc's Parchment of Malediction and Incandescence
 48862 | Zig:6    | Entered Level 6 of a ziggurat
 48865 | Zig:6    | Found the +8 trishula "Condemnation" {holy, anguish, *Noise
                  | Fly rN+}
 48887 | Zig:6    | Identified the ring of the Sparrow {rElec rN+ Int+3 Slay+2
                  | Stlth+}
 48912 | Zig:7    | Entered Level 7 of a ziggurat
 48922 | Zig:7    | Found the +14 obsidian axe {vorpal, Mesm Drain Fly SInv}
 48939 | Zig:7    | Identified the ring of Kiupyantu {rPois rN+ rCorr AC+4
                  | SInv}
 48973 | Zig:8    | Entered Level 8 of a ziggurat
 48981 | Zig:8    | Noticed Oclept the pandemonium lord
 48989 | Zig:8    | Killed Oclept the pandemonium lord
 49043 | Zig:9    | Entered Level 9 of a ziggurat
 49083 | Zig:9    | Identified the +6 broad axe of Vuakegg {pain, rC+ Str+2
                  | Int+3}
 49138 | Zig:10   | Entered Level 10 of a ziggurat
 49211 | Zig:10   | Identified the +8 chain mail "Duvigg Raef" {rF+}
 49216 | Zig:10   | Identified the +5 chain mail of Beogh's Righteous Fury
                  | {rPois rN+ Stlth-}
 49230 | Zig:11   | Entered Level 11 of a ziggurat
 49241 | Zig:11   | Noticed Isounon the pandemonium lord
 49241 | Zig:11   | Noticed a Killer Klown
 49254 | Zig:11   | Noticed a Killer Klown
 49255 | Zig:11   | Noticed a Killer Klown
 49258 | Zig:11   | Noticed a Killer Klown
 49261 | Zig:11   | Killed Isounon the pandemonium lord
 49266 | Zig:11   | Killed a Killer Klown
 49271 | Zig:11   | Killed a Killer Klown
 49274 | Zig:11   | Killed a Killer Klown
 49281 | Zig:11   | Noticed Kigeasac the pandemonium lord
 49316 | Zig:11   | Killed Kigeasac the pandemonium lord
 49330 | Zig:11   | Killed a Killer Klown
 49373 | Zig:11   | Found the +5 lochaber axe {reach-cleave, poleaxe}
 49400 | Zig:11   | Reached skill level 15 in Ice Magic
 49401 | Zig:11   | Lost mutation: You are partially covered in iridescent
                  | scales. (AC +2) [potion of mutation]
 49401 | Zig:11   | Lost mutation: You have large cloven feet. [potion of
                  | mutation]
 49401 | Zig:11   | Gained mutation: Armour fits poorly on your strangely
                  | shaped body. [potion of mutation]
 49401 | Zig:11   | Gained mutation: Your body sometimes deteriorates upon
                  | taking damage. [potion of mutation]
 49401 | Zig:11   | Gained mutation: You are clumsy. (Dex -2) [potion of
                  | mutation]
 49401 | Zig:11   | Gained mutation: You expend magic power (3 MP) to
                  | strengthen your wands. [potion of mutation]
 49402 | Zig:11   | Lost mutation: You are clumsy. (Dex -2) [potion of
                  | mutation]
 49402 | Zig:11   | Lost mutation: You expend magic power (3 MP) to strengthen
                  | your wands. [potion of mutation]
 49402 | Zig:11   | Gained mutation: You are weak. (Str -2) [potion of
                  | mutation]
 49402 | Zig:11   | Lost mutation: Your body sometimes deteriorates upon taking
                  | damage. [potion of mutation]
 49402 | Zig:11   | Gained mutation: Your body sometimes deteriorates upon
                  | taking damage. [potion of mutation]
 49402 | Zig:11   | Gained mutation: Your spells are a little harder to cast,
                  | but a little more powerful. [potion of mutation]
 49403 | Zig:11   | Lost mutation: Your spells are a little harder to cast, but
                  | a little more powerful. [potion of mutation]
 49403 | Zig:11   | Lost mutation: Armour fits poorly on your strangely shaped
                  | body. [potion of mutation]
 49403 | Zig:11   | Lost mutation: Your body sometimes deteriorates upon taking
                  | damage. [potion of mutation]
 49403 | Zig:11   | Gained mutation: You are partially covered in iridescent
                  | scales. (AC +2) [potion of mutation]
 49403 | Zig:11   | Gained mutation: Your system is resistant to poisons.
                  | (rPois) [potion of mutation]
 49404 | Zig:11   | Lost mutation: You are partially covered in iridescent
                  | scales. (AC +2) [potion of mutation]
 49404 | Zig:11   | Lost mutation: Your system is resistant to poisons. (rPois)
                  | [potion of mutation]
 49404 | Zig:11   | Lost mutation: You are weak. (Str -2) [potion of mutation]
 49404 | Zig:11   | Gained mutation: You are robust. (+10% HP) [potion of
                  | mutation]
 49404 | Zig:11   | Gained mutation: You have hidden genetic potential. [potion
                  | of mutation]
 49427 | Zig:12   | Entered Level 12 of a ziggurat
 49436 | Zig:12   | Noticed an ancient lich
 49440 | Zig:12   | Killed an ancient lich
 49487 | Zig:12   | Identified the amulet of Discord {Faith Rampage *Corrode
                  | rN+ Str+3}
 49532 | Zig:13   | Entered Level 13 of a ziggurat
 49544 | Zig:13   | Noticed a juggernaut
 49547 | Zig:13   | Killed a juggernaut
 49601 | Zig:13   | Identified the -1 cloak of the Skies Above {rPois}
 49607 | Zig:13   | Identified the +0 ring mail "Coahawusch" {rF+ rN+ Stlth+}
 49674 | Zig:14   | Entered Level 14 of a ziggurat
 49717 | Zig:14   | Found the +3 greatsling "Punk" {acid, rCorr}
 49741 | Zig:14   | Identified the +9 plate armour "Picubom" {Str+4 Int+2}
 49742 | Zig:14   | Identified the +0 arbalest of the Radish {penet, Int+2
                  | Dex-3 SInv}
 49749 | Zig:14   | Identified the +3 scimitar of Quick Death {holy, Str+4}
 49822 | Zig:15   | Entered Level 15 of a ziggurat
 49834 | Zig:15   | Noticed a juggernaut
 49842 | Zig:15   | Killed a juggernaut
 49949 | Zig:15   | Identified the +2 flail "Spiderbane" {vorpal, SInv}
 50016 | Zig:16   | Entered Level 16 of a ziggurat
 50181 | Zig:16   | Identified the +8 great sword of Reapportionment {drain,
                  | *Noise rElec Dex+5 SInv}
 50218 | Zig:17   | Entered Level 17 of a ziggurat
 50270 | Zig:17   | Gained mutation: You passively map a small area around you.
                  | [hidden potential]
 50336 | Zig:17   | Identified the +10 rapier "Hydraslayer" {freeze, Str+10}
 50339 | Zig:17   | Identified the +9 great sword of Fortitude {freeze, Int+3}
 50341 | Zig:17   | Identified the +1 fire dragon scales of Nemelex Xobeh's
                  | Favour {Contam rPois rF++ rC- MP+9 Dex+2}
 50342 | Zig:17   | Identified the +4 troll leather armour "Xepsaog" {*Slow
                  | rN+++ Regen+ Str+4}
 50347 | Zig:17   | Got the Essays on Searing Black Rites
 50354 | Zig:17   | Identified the +5 flail "Guapp" {vorpal, +Blink rCorr
                  | Stlth+}
 50359 | Zig:17   | Identified the ring of Propriety {Wiz rN+}
 50418 | Zig:17   | Reached skill level 15 in Armour
 50438 | Zig:18   | Entered Level 18 of a ziggurat
 50475 | Zig:18   | Noticed an ancient lich
 50476 | Zig:18   | Noticed an ancient lich
 50478 | Zig:18   | Reached skill level 10 in Dodging
 50481 | Zig:18   | Killed an ancient lich
 50481 | Zig:18   | Noticed an ancient lich
 50482 | Zig:18   | Killed an ancient lich
 50489 | Zig:18   | Killed an ancient lich
 50542 | Zig:18   | Identified the +7 shortbow of the Thirteen Knives {freeze,
                  | Will++}
 50564 | Zig:18   | Identified the +1 ring mail of the Lair of Beasts {rPois
                  | rC++ Regen+ Int-5}
 50565 | Zig:18   | Identified the +9 hand axe of Undoing {venom, Int+5}
 50568 | Zig:18   | Got the Anthology of Orientation and the Salvo
 50572 | Zig:18   | Identified the +1 barding of Idith {Regen+ rCorr Int-3}
 50573 | Zig:18   | Identified the +9 flail "Okhlounae" {vorpal, +Blink rF++
                  | Will- Int+3}
 50617 | Zig:19   | Entered Level 19 of a ziggurat
 50621 | Zig:19   | Noticed a dread lich
 50632 | Zig:19   | Noticed a dread lich
 50642 | Zig:19   | Killed a dread lich
 50643 | Zig:19   | Killed a dread lich
 50721 | Zig:19   | Identified the +8 trident of Ysoimu {venom, Str+8 Int+4
                  | Stlth-}
 50722 | Zig:19   | Identified the +10 dagger "Iplem" {flame, rF+ Str+3}
 50727 | Zig:19   | Identified the amulet "Unkea" {Reflect rCorr Dex+9 SH+5}
 50731 | Zig:19   | Identified the +1 leather armour "Nearcheo" {Rampage rElec
                  | Int-5 Slay+6}
 50733 | Zig:19   | Identified the amulet of Viumnunu {Spirit Harm rF++ Dex-4
                  | SInv}
 50743 | Zig:19   | Identified the ring "Xyadaar" {rN+ Will++ rCorr Int+4
                  | Slay-2}
 50832 | Zig:20   | Entered Level 20 of a ziggurat
 50846 | Zig:20   | Noticed a royal mummy
 50846 | Zig:20   | Noticed a royal mummy
 50847 | Zig:20   | Noticed a royal mummy
 50848 | Zig:20   | Noticed a royal mummy
 50849 | Zig:20   | Noticed a royal mummy
 50850 | Zig:20   | Noticed a royal mummy
 50850 | Zig:20   | Noticed a royal mummy
 50850 | Zig:20   | Noticed a royal mummy
 50851 | Zig:20   | Noticed a royal mummy
 50855 | Zig:20   | Killed a royal mummy
 50855 | Zig:20   | Killed a royal mummy
 50856 | Zig:20   | Killed a royal mummy
 50856 | Zig:20   | Killed a royal mummy
 50856 | Zig:20   | Killed a royal mummy
 50856 | Zig:20   | Killed a royal mummy
 50856 | Zig:20   | Killed a royal mummy
 50856 | Zig:20   | Killed a royal mummy
 50856 | Zig:20   | Killed a royal mummy
 50873 | Zig:20   | Identified the +1 morningstar of Scorn {venom, rN+ Str+2
                  | Dex+2 SInv}
 50881 | Zig:20   | Gained mutation: You are partially covered in iridescent
                  | scales. (AC +2) [hidden potential]
 50881 | Zig:20   | Lost mutation: You have hidden genetic potential. [hidden
                  | potential expressed]
 50970 | Zig:20   | Identified the +3 long sword "Doafare" {drain, Fragile rC+
                  | MP-9 Str+7}
 50972 | Zig:20   | Identified the +0 pair of gloves "Vesagad" {+Inv rPois rC-
                  | Will- Regen+}
 50981 | Zig:20   | Identified the +10 trident of Flawed Execution {protect,
                  | Dex+3}
 50983 | Zig:20   | Got the Precepts of Scorched Graupel
 50988 | Zig:20   | Identified the amulet of Roosas {Reflect Dex+4 SH+5}
 50990 | Zig:20   | Identified the ring "Helaroar" {Ice *Slow rPois rCorr}
 51049 | Zig:21   | Entered Level 21 of a ziggurat
 51082 | Zig:21   | Reached skill level 15 in Dodging
 51187 | Zig:21   | Found the +9 staff of Olgreb {rPois∞}
 51188 | Zig:21   | Found the +3 pair of seven-league boots {Rampage+∞}
 51199 | Zig:21   | Identified the +0 leather armour of Vicroes {Slay+2 SInv}
 51202 | Zig:21   | Identified the +5 chain mail of Comysiafaf {Stlth+}
 51204 | Zig:21   | Identified the amulet "Otel" {Faith rPois rN+}
 51216 | Zig:21   | Got the Parchment of Generative Snow
 51223 | Zig:21   | Identified the +1 plate armour "Hiaqu Tuel" {rC- rN+ Will+
                  | Dex+3}
 51289 | Zig:22   | Entered Level 22 of a ziggurat
 51304 | Zig:22   | Noticed Hirphuewn the pandemonium lord
 51314 | Zig:22   | Killed Hirphuewn the pandemonium lord
 51545 | Zig:22   | Identified the +8 war axe of Xom's Delight {vorpal, Will+
                  | rCorr}
 51546 | Zig:22   | Identified the ring "Yhosaf" {Wiz rC+++ rCorr Str+4 Slay-4}
 51552 | Zig:22   | Identified the amulet of Qamid {RegenMP rElec rPois Dex-2
                  | Stlth-}
 51562 | Zig:22   | Identified the ring of the Priest {rC+ Str+5 Int+6}
 51675 | Zig:23   | Entered Level 23 of a ziggurat
 51713 | Zig:23   | Noticed a dread lich
 51721 | Zig:23   | Killed a dread lich
 51885 | Zig:23   | Identified the +2 robe "Bucug" {*Corrode Regen+ Stlth+}
 51898 | Zig:23   | Identified the amulet of Arrival {Acrobat Harm}
 51900 | Zig:23   | Identified the +6 shortbow of the Revolution {flame, rPois
                  | Str+4}
 51925 | Zig:23   | Identified the +5 sling of the Demagogue {freeze, rElec
                  | rF+}
 51989 | Zig:24   | Entered Level 24 of a ziggurat
 52121 | Zig:24   | Identified the +5 flail of Crawling {flame, rPois rN++
                  | Str+3 Stlth-}
 52126 | Zig:24   | Got Onowk's Compendium of Charms and Clouds
 52127 | Zig:24   | Identified the +4 hand axe of Zeriz {venom, Int-3 Dex+2
                  | Stlth+}
 52128 | Zig:24   | Identified the +0 chain mail of the Pleiades {rF+ Int+4
                  | Dex+4 Slay+2}
 52139 | Zig:24   | Identified the +4 longbow of Egomania {freeze, +Blink rN++
                  | Will+}
 52207 | Zig:25   | Entered Level 25 of a ziggurat
 52225 | Zig:25   | Noticed Afahiub the pandemonium lord
 52230 | Zig:25   | Reached skill level 27 in Ice Magic
 52235 | Zig:25   | Killed Afahiub the pandemonium lord
 52272 | Zig:25   | Found the +5 robe of Misfortune {Harm *Corrode *Slow EV+5}
 52272 | Zig:25   | Found the amulet of the Air {Inacc Air Fly rElec RMsl}
 52391 | Zig:25   | Identified the +2 robe "Hefeq" {Harm rF- Int+2 Slay+2}
 52399 | Zig:25   | Identified the +2 leather armour of the Lute {+Inv rPois
                  | rC- Str+2}
 52401 | Zig:25   | Identified the +3 leather armour "Zokkecw" {rPois rF+ rN+}
 52506 | Zig:26   | Entered Level 26 of a ziggurat
 52529 | Zig:26   | Noticed an ancient lich
 52530 | Zig:26   | Noticed a dread lich
 52530 | Zig:26   | Noticed an ancient lich
 52531 | Zig:26   | Noticed an ancient lich
 52532 | Zig:26   | Noticed an ancient lich
 52532 | Zig:26   | Noticed a dread lich
 52532 | Zig:26   | Noticed an ancient lich
 52533 | Zig:26   | Noticed a dread lich
 52534 | Zig:26   | Noticed a dread lich
 52534 | Zig:26   | Noticed an ancient lich
 52535 | Zig:26   | Killed a dread lich
 52535 | Zig:26   | Killed an ancient lich
 52535 | Zig:26   | Killed an ancient lich
 52536 | Zig:26   | Noticed an ancient lich
 52536 | Zig:26   | Noticed a dread lich
 52536 | Zig:26   | Noticed an ancient lich
 52536 | Zig:26   | Killed a dread lich
 52536 | Zig:26   | Killed an ancient lich
 52536 | Zig:26   | Killed a dread lich
 52536 | Zig:26   | Killed an ancient lich
 52537 | Zig:26   | Killed an ancient lich
 52537 | Zig:26   | Killed a dread lich
 52538 | Zig:26   | Killed an ancient lich
 52543 | Zig:26   | Killed an ancient lich
 52544 | Zig:26   | Killed a dread lich
 52544 | Zig:26   | Killed an ancient lich
 52607 | Zig:26   | Identified the +7 chain mail "Remakay" {Slay+3}
 52608 | Zig:26   | Identified the +0 ring mail "Vimulej" {Regen+ Str+2 Dex-4}
 52612 | Zig:26   | Identified the +6 spear "Jorouc" {venom, rPois Str-4 Dex+8
                  | Stlth-}
 52629 | Zig:26   | Identified the +7 spear of Ravage {protect, rElec}
 52630 | Zig:26   | Identified the amulet "Siam Ylu" {Fly rC+ Will+ Regen+
                  | Stlth-}
 52633 | Zig:26   | Identified the +10 morningstar of Checks and Balances
                  | {vamp, rF+ rCorr Dex+4}
 52636 | Zig:26   | Identified the +5 mace of the Stork {vorpal, rF++ Will+
                  | rCorr}
 52637 | Zig:26   | Identified the +1 scale mail "Gajyro" {Dex+4}
 52773 | Zig:27   | Entered Level 27 of a ziggurat
 52787 | Zig:27   | Noticed an ancient lich
 52793 | Zig:27   | Noticed an ancient lich
 52795 | Zig:27   | Noticed an ancient lich
 52795 | Zig:27   | Noticed an ancient lich
 52795 | Zig:27   | Noticed an ancient lich
 52797 | Zig:27   | Noticed an ancient lich
 52798 | Zig:27   | Killed an ancient lich
 52801 | Zig:27   | Killed an ancient lich
 52801 | Zig:27   | Killed an ancient lich
 52801 | Zig:27   | Killed an ancient lich
 52802 | Zig:27   | Killed an ancient lich
 52802 | Zig:27   | Killed an ancient lich
 52802 | Zig:27   | Killed from afar by a titan

Illustrated notes

Levels and vault maps discovered:
D:1:      scummos_arrival_forest, layout_loops_cross,
          shapermc_ecumenical_altar_starsandcircs
D:2:      layout_basic
D:3:      layout_basic, ebering_ghost_disaster_area, uniq_pargi
D:4:      layout_loops_cross, mainiacjoe_overflow_six_doors_small,
          nrook_mini_vaults
D:5:      layout_layer_cave, minmay_temple_entry_statues_pillars,
          kennysheep_generic_room_7, uniq_grinder, uniq_ijyb
D:6:      layout_loops_corners
D:7:      layout_rooms, enter_bailey_3, kennysheep_crisscross,
          minmay_gold_behind_fungi, st_stairs_9
D:8:      layout_layer_cave, fedhas_altar_3, serial_bayou_pond_a
D:9:      layout_loops_corners, nicolae_benzene_ring, solitary_fountain
D:10:     layout_rooms, nicolae_concentric_dashed_squares_wild,
          minmay_dual_archer_statues, uniq_erica
D:11:     layout_roguey, dpeg_lair_monsters, david_orc_2, serial_glass,
          glass_columns_b, glass_columns_c, kennysheep_cluttered_room
D:12:     layout_roguey
D:13:     layout_basic, minmay_crystal_box
D:14:     layout_loops_corners, david_vaults_5, uniq_kirke
D:15:     gammafunk_enter_depths_forms, layout_rooms, serial_bayou_lagoon_a,
          minmay_bent
Temple:   nicolae_temple_bog_church
Lair:1:   layout_misc_corridors, kennysheep_abandoned_house,
          lemuel_fruit_fields, infiniplex_staircase_pool
Lair:2:   wander_river, layout_cave_pods, minmay_swamp_entry_eels,
          infiniplex_staircase_pool_2
Lair:3:   layout_small_grid, guppyfry_snake_entry_island,
          grunt_forest_large_clearings, grunt_megastairs_3
Lair:4:   layout_cave_pods, minmay_slime_entry_oklob_enclosed,
          nicolae_lair_lakeside_cave, grunt_megastairs_2
Lair:5:   evilmike_catoblepas_cave, layout_loops_ring,
          chequers_serial_rivers_micro_d, uniq_josephine
Swamp:1:  layout_falls_marsh, nicolae_swamp_some_circles
Swamp:2:  layout_falls_marsh, evilmike_swamp_ruin_wall, swamp_pool1,
          uniq_donald, uniq_frances, uniq_mlioglotl
Swamp:3:  layout_basic_swamp, nicolae_swamp_decorative_isthmus
Swamp:4:  swamp_vile, layout_basic_swamp, uniq_louise
Snake:1:  layout_basic, hellmonk_ghost_happy_afterlife, grunt_megastairs_4
Snake:2:  layout_misc_corridors, lemuel_fruit_tree, grunt_megastairs_5
Snake:3:  layout_rooms, serial_bayou_lagoon_b, serial_bayou_shore_b
Snake:4:  snake_pit, layout_onion, st_stairs_12, uniq_aizul
Orc:1:    layout_caves, basic_altar, elf_legates
Orc:2:    st_orc_pillars, layout_caves, basic_altar, uniq_nessos
Elf:1:    nicolae_elf_arrival_aired_out, layout_gridlike, serial_shops,
          nicolae_shop_statue_plus, minmay_elf_annihilation,
          lemuel_upstairs_altar
Elf:2:    elven_hall_of_blades_hangedman_original [nicolae_blade_little_rooms],
          layout_geoelf_grid, serial_shops, shop, nicolae_stop_n_shop_1
Elf:3:    minmay_elf_hall_curves, layout_loops_cross, serial_shops,
          nicolae_lakefront_shop, special_room [special_room_mythical_zoo],
          st_stairs_7, minmay_misc_feat_cross, uniq_saint_roka
Vaults:1: hangedman_vaults_cutoff, ontoclasm_vaults_echo,
          ontoclasm_vaults_decontamination, v_misc_24, v_misc_27,
          vaults_standard_mumra_enter_the_diamond, layout_vaults_omnigrid
Vaults:2: v_misc_1, hangedman_vaults_restitches,
          minmay_crypt_entry_simple_corners, v_misc_26, hangedman_vaults_trim,
          nicolae_vaults_alarming, nicolae_vaults_shelves_hall,
          vaults_mumra_hex, ontoclasm_vaults_gateway, vaults_dpeg_hooks,
          nicolae_vaults_angled_halls, vaults_dpeg_cross, layout_vaults_big_room
Vaults:3: v_misc_24, nicolae_vaults_network_barrier,
          nicolae_vaults_fighting_squares, hangedman_vaults_slice,
          vaults_room_ringed_pool, grunt_vaults_diagonal, v_misc_30,
          ontoclasm_vaults_chip, vaults_room_hallway, vaults_room_corners,
          layout_vaults_maze_bifur, uniq_nikola
Vaults:4: ontoclasm_vaults_ring_large, v_misc_28, vaults_room_corners,
          nicolae_vaults_disjoint_gnomons, hangedman_vaults_variations,
          vaults_room_grunt_arrival_ludios, vaults_room_pool,
          ontoclasm_vaults_misaligned, v_rooms_5, v_alt_pattern_3,
          ontoclasm_vaults_gallery, ontoclasm_vaults_fault, vaults_room_pool,
          nicolae_vaults_little_squares_1, ontoclasm_vaults_pinch,
          layout_vaults_omnibox
Vaults:5: serial_shops, uniq_margery
Crypt:1:  layout_gridlike, ebering_ghost_rock_garden, grunt_crypt_arrival_webbed
Crypt:2:  layout_basic, nicolae_crypt_statuary_hall
Crypt:3:  cryptofortress_bobbens
Tomb:1
Tomb:2
Tomb:3
Zig:27

Skill      XL: |  1  2  3  4  5  6  7  8  9 10 11 12 13 14 15 16 17 18 19 20 21 22 23 24 25 26 27 |
---------------+----------------------------------------------------------------------------------+-----
Dodging        | 2 3 5 7 8 9 16 | 16.6
Fighting       | 1 2 3 4 5 7 9 10 11 12 14 | 14.8
Armour         | 1 2 3 4 5 7 9 10 11 12 26 | 26.0
Conjurations   | 4 5 |  5.0
Spellcasting   | 3 4 6 7 8 9 10 11 12 13 14 15 16 | 16.9
Necromancy     | 1 3 9 10 11 12 14 16 17 19 20 22 | 22.0
Shields        | 6 9 10 11 12 13 14 16 18 | 18.9
Earth Magic    | 6 8 12 14 16 19 21 22 23 26 27 | 27.0
Transmutations | 6 14 19 21 22 | 22.0
Ice Magic      | 6 27 | 27.0
Stealth        | |  2.4

Action                   |  1- 3 |  4- 6 |  7- 9 | 10-12 | 13-15 | 16-18 | 19-21 | 22-24 | 25-27 || total
-------------------------+-------+-------+-------+-------+-------+-------+-------+-------+-------++-------
Melee: Whip              |    20 |       |       |       |       |       |       |       |       ||    20
       Short sword       |     7 |     2 |       |       |       |       |       |       |       ||     9
       Punch             |     1 |       |       |       |       |       |       |       |       ||     1
       Quarterstaff      |       |     5 |    22 |       |       |       |       |       |       ||    27
       Halberd           |       |       |    22 |   189 |    15 |       |       |       |       ||   226
       Scimitar          |       |       |       |    73 |  1342 |   266 |   295 |   383 |   335 ||  2694
       Falchion          |       |       |       |       |       |       |       |       |     4 ||     4
 Fire: Sling             |       |    12 |   106 |       |       |       |       |       |       ||   118
       Longbow           |       |       |       |       |     4 |       |       |       |       ||     4
       Arbalest          |       |       |       |       |    62 |       |     6 |       |       ||    68
 Cast: Magic Dart        |    38 |    47 |    13 |     6 |     4 |       |       |       |       ||   108
       Searing Ray       |     3 |    11 |    54 |    13 |    13 |       |       |       |       ||    94
       Vampiric Draining |       |       |       |    43 |   244 |    19 |     7 |     2 |       ||   315
       Dispel Undead     |       |       |       |     1 |     5 |    10 |    11 |    72 |    55 ||   154
       Stone Arrow       |       |       |       |       |    10 |   312 |   121 |    41 |       ||   484
       Borgnjor's Vile C |       |       |       |       |       |   305 |   338 |   414 |   245 ||  1302
       Iron Shot         |       |       |       |       |       |       |    13 |    19 |     4 ||    36
       Sublimation of Bl |       |       |       |       |       |       |       |     1 |       ||     1
       Necromutation     |       |       |       |       |       |       |       |    30 |    83 ||   113
       Shatter           |       |       |       |       |       |       |       |       |   135 ||   135
       Polar Vortex      |       |       |       |       |       |       |       |       |    12 ||    12
       Ozocubu's Armour  |       |       |       |       |       |       |       |       |     8 ||     8
Invok: Receive Forbidden |       |       |       |       |     1 |       |       |       |       ||     1
       Renounce Religion |       |       |       |       |     1 |       |       |       |       ||     1
       Potion Petition   |       |       |       |       |       |       |       |       |     7 ||     7
 Abil: Dig               |       |       |       |     4 |    22 |     2 |     1 |     5 |       ||    34
       End Transformatio |       |       |       |       |       |       |       |       |    10 ||    10
Evoke: Condenser vane    |       |       |       |       |       |       |       |       |     4 ||     4
       Figurine of a zig |       |       |       |       |       |       |       |       |     1 ||     1
       Wand              |       |       |       |       |       |       |       |       |    20 ||    20
       Lightning rod     |       |       |       |       |       |       |       |       |     4 ||     4
       Box of beasts     |       |       |       |       |       |       |       |       |     1 ||     1
       Phial of floods   |       |       |       |       |       |       |       |       |     1 ||     1
       Phantom mirror    |       |       |       |       |       |       |       |       |     1 ||     1
  Use: Scroll            |       |     4 |     3 |     3 |    10 |    18 |     4 |     3 |     7 ||    52
       Potion            |       |       |       |     1 |     3 |       |     1 |     4 |    19 ||    28
 Stab: Sleeping          |     1 |     1 |     8 |     3 |     2 |       |       |       |       ||    15
       Distracted        |       |       |       |       |     5 |     3 |     5 |     5 |     7 ||    25
       Invisible         |       |       |       |       |       |       |       |       |     1 ||     1
Armor: Robe              |     6 |     2 |       |       |       |       |       |       |       ||     8
       Troll leather arm |       |       |    12 |    50 |   218 |   133 |   132 |   322 |   493 ||  1360
       Skin              |       |       |       |       |       |       |       |       |     2 ||     2
Dodge: Dodged            |    26 |    10 |    37 |   223 |  1143 |   433 |   284 |   456 |   596 ||  3208
Block: Other             |       |       |     5 |       |       |       |       |       |       ||     5
       Kite shield       |       |       |    70 |   347 |  1495 |   359 |       |       |       ||  2271
       Reflection        |       |       |     1 |     7 |    18 |       |       |       |       ||    26
       Tower shield      |       |       |       |       |       |    28 |   661 |   870 |  1165 ||  2724
